 Dungeon Crawl Stone Soup version 0.23.0-3-gf3c87f2df8 (webtiles) character file.

Game seed: 7960487889426963563

247808 PikkenKukken the Champion of Chaos (level 20, -18/127 HPs)
             Began as a Tengu Fighter on Feb 22, 2019.
             Was the Champion of Makhleb.
             Demolished by an orc knight
             ... wielding a +0 battleaxe
              (27 damage)
             ... on level 1 of the Vaults.
             The game lasted 02:05:55 (42016 turns).

PikkenKukken the Champion of Chaos (Tengu Fighter) Turns: 42016, Time: 02:05:55

Health: -18/127    AC: 22    Str: 20    XL:     20   Next: 0%
Magic:  32/32      EV: 20    Int: 10    God:    Makhleb [******]
Gold:   2083       SH: 14    Dex: 23    Spells: 26/29 levels left

rFire    . . .     SeeInvis .   T - +2 demon whip (slash)
rCold    + + .     Gourm    .   c - +1 shield
rNeg     . . .     Faith    +   t - +4 chain mail {rC+}
rPois    .         Spirit   .   (helmet restricted)
rElec    .         Reflect  .   M - +0 cloak "Lubaukheunt" {Slay+3}
rCorr    +         Harm     .   s - +2 pair of gloves
MR       ++...                  (boots unavailable)
Stlth    ..........             y - amulet of faith
HPRegen  0.31/turn              m - ring of protection from cold
MPRegen  0.23/turn              v - ring "Ijuisch" {rCorr Dex+3}

@: flying quickly and evasively, studying Maces & Flails, quick
A: beak, talons 3, magic resistance 1, strong 1, evolution 1, able to fly
}: 1/15 runes: gossamer
a: Stop Flying, Minor Destruction, Lesser Servant of Makhleb, Major Destruction,
Greater Servant of Makhleb, Renounce Religion


You were on level 1 of the Vaults.
You worshipped Makhleb.
Makhleb was exalted by your worship.
You were not hungry.

You visited 7 branches of the dungeon, and saw 33 of its levels.
You also visited: Ice Cave.

You collected 3366 gold pieces.
You spent 1283 gold pieces at shops.

Inventory:

Hand Weapons
 T - a +2 demon whip of slashing (weapon)
Missiles
 e - a throwing net (quivered)
Armour
 c - a +1 shield (worn)
 s - a +2 pair of gloves (worn)
 t - a +4 chain mail of cold resistance (worn)
 E - a +1 buckler of fire resistance
 M - the +0 cloak "Lubaukheunt" (worn) {Slay+3}
   (You found it on level 6 of the Lair of Beasts)

   It affects your accuracy and damage with ranged weapons and melee attacks
   (+3).
 Y - a +0 plate armour of fire resistance
Jewellery
 d - an uncursed amulet of guardian spirit
 m - a ring of protection from cold (left hand)
 q - an uncursed ring of stealth
 v - the ring "Ijuisch" (right hand) {rCorr Dex+3}
   (You found it on level 8 of the Dungeon)

   [ring of resist corrosion]

   It affects your dexterity (+3).
 y - an amulet of faith (around neck)
Wands
 a - a wand of scattershot (12)
 i - a wand of acid (16)
 j - a wand of enslavement (13)
 x - a wand of digging (16)
 H - a wand of paralysis (8)
 I - a wand of iceblast (9)
 J - a wand of disintegration (1)
 K - a wand of flame (15)
 Q - a wand of polymorph (7)
Scrolls
 b - 2 scrolls of blinking
 l - 7 scrolls of remove curse
 o - 2 scrolls of summoning
 u - 3 scrolls of enchant armour
 A - a scroll of brand weapon
 D - 13 scrolls of teleportation
 G - 14 scrolls of identify
 O - 5 scrolls of amnesia
 P - 2 scrolls of holy word
 R - a scroll of torment
 S - 6 scrolls of enchant weapon
Potions
 g - 5 potions of heal wounds
 h - 4 potions of brilliance
 k - 7 potions of might
 n - a potion of resistance
 p - 9 potions of haste
 r - 3 potions of lignification
 w - a potion of berserk rage
 z - 2 potions of invisibility
 B - 15 potions of curing
 F - 5 potions of ambrosia
 W - 2 potions of magic
 Z - 3 potions of agility
Books
 N - a manual of Maces & Flails
Miscellaneous
 C - a lamp of fire
 U - a crystal ball of energy
Comestibles
 f - 48 rations
 L - 3 chunks of flesh


   Skills:
 + Level 14.1 Fighting
 - Level 12.0 Maces & Flails
 + Level 14.9 Armour
 + Level 13.5 Dodging
 - Level 10.0 Shields
 - Level 5.0 Spellcasting
 - Level 5.0 Hexes
 + Level 4.7 Translocations
 + Level 15.5 Invocations
 - Level 7.1 Evocations


You had 26 spell levels left.
You knew the following spells:

 Your Spells              Type           Power        Failure   Level  Hunger
a - Confusing Touch       Hex            ##....       30%         1    None
b - Blink                 Tloc           N/A          45%         2    ##.....

Your spell library contained the following spells:

 Spells                   Type           Power        Failure   Level  Hunger
 Corona                   Hex            ##.....      30%         1    None
 Apportation              Tloc           ##....       34%         1    None
 Slow                     Hex            ##......     41%         2    ##.....
 Confuse                  Hex            ##......     65%         3    ###....
 Tukima's Dance           Hex            ##......     65%         3    ###....
 Portal Projectile        Hex/Tloc       ##....       67%         3    ###....
 Gell's Gravitas          Tloc           ##........   71%         3    ###....
 Ensorcelled Hibernation  Hex/Ice        #.....       77%         2    ##.....
 Animate Skeleton         Necr           N/A          93%         1    None
 Freeze                   Ice            #...         93%         1    None
 Magic Dart               Conj           #...         93%         1    None
 Shock                    Conj/Air       #...         93%         1    None
 Summon Butterflies       Summ           #.......     93%         1    None
 Summon Small Mammal      Summ           #...         93%         1    None
 Dazzling Spray           Conj/Hex       #.....       94%         3    ###....
 Recall                   Summ/Tloc      N/A          95%         3    ###....
 Call Imp                 Summ           #.......     98%         2    ##.....
 Corpse Rot               Necr           N/A          98%         2    ##.....
 Passwall                 Tmut/Erth      #.......     98%         2    ##.....
 Searing Ray              Conj           #.....       98%         2    ##.....
 Swiftness                Chrm/Air       #.......     98%         2    ##.....
 Throw Frost              Conj/Ice       #.....       98%         2    ##.....
 Passage of Golubria      Tloc           N/A          98%         4    ####...
 Call Canine Familiar     Summ           #.......     100%        3    ###....
 Conjure Flame            Conj/Fire      #.......     100%        3    ###....
 Mephitic Cloud           Conj/Pois/Air  #.......     100%        3    ###....
 Ozocubu's Armour         Chrm/Ice       #.......     100%        3    ###....
 Static Discharge         Conj/Air       #.......     100%        3    ###....
 Stone Arrow              Conj/Erth      #.....       100%        3    ###....
 Airstrike                Air            #.........   100%        4    ####...
 Animate Dead             Necr           N/A          100%        4    ####...
 Force Lance              Conj/Tloc      #.......     100%        4    ####...
 Fulminant Prism          Conj/Hex       #.........   100%        4    ####...
 Iskenderun's Mystic Bla  Conj           #.......     100%        4    ####...
 Leda's Liquefaction      Hex/Erth       #.........   100%        4    ####...
 Summon Ice Beast         Ice/Summ       #.......     100%        4    ####...
 Summon Lightning Spire   Summ/Air       #.......     100%        4    ####...
 Throw Icicle             Conj/Ice       #.......     100%        4    ####...
 Borgnjor's Vile Clutch   Necr/Erth      #.........   100%        5    ######.
 Lee's Rapid Deconstruct  Erth           #.........   100%        5    ######.
 Lightning Bolt           Conj/Air       #.........   100%        5    ######.
 Silence                  Hex/Air        #.........   100%        5    ######.
 Summon Forest            Summ/Tloc      #.........   100%        5    ######.
 Summon Mana Viper        Hex/Summ       #.......     100%        5    ######.
 Conjure Ball Lightning   Conj/Air       #.........   100%        6    #######
 Darkness                 Hex            ##........   100%        6    #######
 Death Channel            Necr           #.........   100%        6    #######
 Deflect Missiles         Chrm/Air       #.........   100%        6    #######
 Dispersal                Tloc           ##........   100%        6    #######
 Hydra Form               Tmut           #.........   100%        6    #######
 Invisibility             Hex            ##......     100%        6    #######
 Simulacrum               Ice/Necr       #.........   100%        6    #######
 Summon Hydra             Summ           #.........   100%        7    #######
 Controlled Blink         Tloc           N/A          100%        8    #######
 Disjunction              Tloc           ##........   100%        8    #######
 Tornado                  Air            #.........   100%        9    #######


Dungeon Overview and Level Annotations

Branches:
Dungeon (15/15)            Temple (1/1) D:6            Lair (6/6) D:8
 Shoals (3/4) Lair:3       Spider (4/4) Lair:4          Orc (2/2) D:12
    Elf (0/3) Orc:2        Vaults (2/5) D:13         Depths (0/5) D:15
  Slime: Lair:5-6     Crypt: Vaults:2-3

Altars:
Ashenzari
Cheibriados
Dithmenos
Elyvilon
Fedhas
Gozag
Hepliaklqana
Kikubaaqudgha
Makhleb
Nemelex Xobeh
Okawaru
Qazlal
Ru
Sif Muna
Trog
Uskayaw
Vehumet
Wu Jian
Xom
Yredelemnul
Zin
The Shining One
Beogh

Shops:
D:6 ?   D:12 **[}!   D:15 [   Orc:2 %%:(   Vaults:1 %

Annotations:
D:14 3 runed translucent doors, Somebody's ghost, journeyman HOFi
D:15 3 runed translucent doors
Lair:1 2 transporters, Ustoufu's ghost, journeyman OpCK
Lair:2 exclusion: oklob plant
Lair:5 exclusion: 2 oklob plants


Innate Abilities, Weirdness & Mutations

You have a beak for a mouth.
You have claws for feet.
You can fly continuously.
You are resistant to hostile enchantments. (MR+)
Your muscles are strong. (Str +2)
You evolve.


Message History

Your blizzard demon hits the orc knight!
Your blizzard demon hits the orc knight but does no damage.
Unknown command.
You closely miss the orc knight. You claw the orc knight.
The orc knight is heavily wounded.
The orc knight hits you with a +0 battleaxe!!
* * * LOW HITPOINT WARNING * * *
The orc knight hits your blizzard demon with a +0 battleaxe!
Unknown command.
You hit the orc knight.
The orc knight is heavily wounded.
Your blizzard demon hits the orc knight!!
Your blizzard demon barely misses the orc knight.
Unknown command.
Unknown command.
You completely miss the orc knight. Your kick misses the orc knight.
You peck the orc knight, but do no damage.
The orc knight is almost dead.
The orc knight hits you with a +0 battleaxe!!
You die...

#.......#######'########
#...#().# #.........
#.....))## #.........
####.#.####'######.........
#......#.........'.........
#......#....#....#.........
#......#.2>......'.........
#######'.o)#######.........
##.#@# ###''##### #...#
#......# #...# #......#
#...# #......# #...#
#......# ##### #......#
#......# ########


You could see an orc knight and a friendly blizzard demon.

Vanquished Creatures
  Nikola (Shoals:1)
  Agnes (Spider:3)
  A frost giant (IceCv)
  3 emperor scorpions
  2 ghost moths
  2 ironheart preservers (Vaults:1)
  An emperor scorpion (shapeshifter) (Vaults:1)
  A very ugly thing (D:14)
  An entropy weaver (Spider:1)
  5 dire elephants (Lair:6)
  Snorg (D:11)
  A merfolk javelineer (Shoals:2)
  5 ogre magi
  A yaktaur captain (Vaults:1)
  2 merfolk impalers
  5 hydras
  8 vault guards (D:13)
  2 merfolk aquamancers
  An anaconda (Lair:6)
  13 death yaks
  5 centaur warriors
  20 two-headed ogres
  2 satyrs
  An orc high priest (Orc:2)
  Sonja (Orc:1)
  2 deep elf knights (Vaults:1)
  A skeletal warrior (D:15)
  A shadow wraith (Vaults:1)
  4 unseen horrors
  2 glowing orange brains (D:14)
  3 wizards
  A golden dragon zombie (D:15)
  5 sea snakes
  6 orc knights
  2 lindwurms (Lair:6)
  A phantasmal warrior (D:15)
  3 ironbrand convokers
  16 harpies
  A deep elf archer (D:13)
  13 ugly things
  2 deep elf magi
  A necromancer (D:15)
  31 wolf spiders
  7 fauns
  An orc sorcerer (Vaults:1)
  3 moths of wrath
  5 manticores
  An orb spider (shapeshifter) (Vaults:1)
  A stone giant zombie (D:15)
  4 cyclopes
  13 elephants
  3 vault sentinels (Vaults:1)
  Maurice (D:8)
  2 ice statues
  4 merfolk sirens
  4 torpor snails
  2 water nymphs (Shoals:3)
  2 black mambas
  A spiny frog (shapeshifter) (D:14)
  A gargoyle (D:12)
  5 spiny frogs
  5 rime drakes
  6 komodo dragons
  A yaktaur (shapeshifter) (Vaults:1)
  11 demonic crawlers
  A freezing wraith (Lair:6)
  2 kobold demonologists (D:14)
  2 ice devils (D:14)
  A guardian mummy (D:15)
  18 merfolk
  5 wind drakes
  15 polar bears
  11 trolls
  A queen bee (shapeshifter) (Vaults:1)
  3 meliai
  23 jumping spiders
  7 hornets
  4 snapping turtles
  13 blink frogs
  25 slime creatures
  2 deep troll zombies (D:15)
  4 dream sheep
  13 hippogriffs
  Sigmund (D:2)
  A spriggan (D:10)
  A hog (Spider:4)
  2 humans
  16 tarantellas
  2 wyverns
  22 yaks
  3 shadows (D:15)
  2 vampires
  61 redbacks
  4 water elementals
  7 wraiths
  2 steam dragons
  6 basilisks
  2 hungry ghosts
  8 vampire mosquitoes
  Grum (D:8)
  4 wargs
  An acid dragon (Vaults:1)
  3 hell hounds (D:10)
  7 water moccasins
  6 porcupines
  Duvessa (D:7)
  38 orc warriors
  A black bear (Spider:4)
  A hornet zombie (D:13)
  10 ice beasts
  2 sky beasts
  3 eyes of draining
  An eye of draining (shapeshifter) (D:15)
  2 phantoms
  36 ogres
  7 boggarts (Vaults:1)
  12 wolves
  33 centaurs
  2 ogres (shapeshifter)
  9 crocodiles
  6 big kobolds
  17 bullfrogs
  Dowan (D:7)
  2 scorpions
  17 killer bees
  12 wights
  4 howler monkeys
  4 crimson imps
  2 centaur zombies
  A bullfrog zombie (D:5)
  6 hounds
  30 orc priests
  3 bullfrog skeletons
  2 centaur skeletons
  4 jellies
  36 orc wizards
  3 iguanas
  7 worker ants
  A hound zombie (D:5)
  2 hound skeletons
  A mummy (D:6)
  2 worker ant zombies
  A howler monkey zombie (D:7)
  9 gnolls
  10 adders
  8 shadow imps
  2 white imps (Lair:6)
  A worm (D:4)
  3 leopard geckos
  130 orcs
  7 giant cockroaches
  8 goblins
  8 hobgoblins
  16 jackals
  18 kobolds
  6 quokkas
  3 ball pythons
  5 bats
  3 frilled lizards
  8 rats
  A spectral orc (D:3)
  5 plants (Lair:6)
1149 creatures vanquished.

Vanquished Creatures (collateral kills)
  A sphinx (Vaults:1)
  A ghost moth (Spider:4)
  Louise (Shoals:2)
  5 emperor scorpions
  A vault warden (Vaults:1)
  2 orc warlords
  A very ugly thing (D:14)
  A dire elephant (Lair:6)
  An ettin (Vaults:1)
  Fannar (D:12)
  A centaur warrior (Vaults:1)
  A two-headed ogre (Vaults:2)
  2 death yaks (Lair:5)
  An orc high priest (Orc:1)
  3 orb spiders
  An orc sorcerer (Orc:1)
  An orc knight (Vaults:2)
  2 fauns (Shoals:2)
  4 ugly things
  2 wolf spiders
  An elephant (Lair:6)
  4 jumping spiders
  A troll (Orc:1)
  3 merfolk (Shoals:2)
  A polar bear (IceCv)
  2 wind drakes
  A slime creature (Vaults:1)
  4 redbacks
  2 water elementals
  3 tarantellas
  5 orc warriors
  A phantom (D:11)
  3 ogres
  3 centaurs
  3 orc priests
  4 orc wizards
  7 orcs
81 creatures vanquished.

Vanquished Creatures (others)
  A deep elf mage (Vaults:1)
  2 ugly things (D:15)
  A tarantella (Spider:4)
  A wolf (IceCv)
  An orc (Vaults:1)
  A kobold (D:1)
  6 fungi
  8 plants
  12 tentacles
  A withered plant (D:15)
34 creatures vanquished.

Grand Total: 1264 creatures vanquished

Notes
Turn   | Place    | Note
-------+----------+-------------------------------------------
     0 | D:1      | PikkenKukken the Tengu Fighter began the quest for the Orb.
     0 | D:1      | Reached XP level 1. HP: 14/14 MP: 2/2
   126 | D:1      | Reached XP level 2. HP: 19/19 MP: 3/3
   705 | D:2      | Found a deep blue altar of Sif Muna.
   856 | D:2      | Noticed Sigmund
   861 | D:2      | Killed Sigmund
   861 | D:2      | Reached XP level 3. HP: 23/24 MP: 4/4
   861 | D:2      | Reached XP level 4. HP: 28/29 MP: 5/5
   861 | D:2      | Gained mutation: You can fly continuously. [Tengu growth]
   861 | D:2      | Reached XP level 5. HP: 32/33 MP: 6/6
   894 | D:2      | Found a white marble altar of Elyvilon.
  1888 | D:3      | Reached XP level 6. HP: 38/38 MP: 7/7
  2295 | D:3      | Found an ornate altar of the Wu Jian Council.
  2493 | D:3      | Found a basalt altar of Yredelemnul.
  2795 | D:4      | You fall through a shaft for 3 floors!
  2881 | D:7      | Noticed Dowan
  2939 | D:7      | Killed Dowan
  3015 | D:7      | Reached skill level 5 in Maces & Flails
  3217 | D:7      | Found a stormy altar of Qazlal.
  3220 | D:7      | Reached XP level 7. HP: 43/43 MP: 8/8
  3412 | D:7      | Noticed Duvessa
  3491 | D:7      | Reached skill level 5 in Armour
  3495 | D:7      | Gained mutation: You are dopey. (Int -2) [potion of
                  | mutation]
  3495 | D:7      | Gained mutation: Your muscles are strong. (Str +2) [potion
                  | of mutation]
  3495 | D:7      | Gained mutation: You have a pair of small horns on your
                  | head. [potion of mutation]
  3785 | D:6      | Found a snail-covered altar of Cheibriados.
  4104 | D:6      | Reached XP level 8. HP: 44/48 MP: 9/9
  4108 | D:5      | Entered Level 5 of the Dungeon
  4122 | D:5      | Found a glowing golden altar of the Shining One.
  4191 | D:5      | Reached skill level 5 in Shields
  4421 | D:5      | Reached skill level 5 in Fighting
  5543 | D:6      | Found Riucs's Magic Scroll Shoppe.
  5549 | D:6      | Bought a scroll of magic mapping for 45 gold pieces
  5549 | D:6      | Bought a scroll of teleportation for 39 gold pieces
  5549 | D:6      | Bought a scroll of teleportation for 39 gold pieces
  5615 | D:6      | Learned a level 1 spell: Confusing Touch
  5684 | D:6      | Found a hide-covered altar of Uskayaw.
  5986 | D:6      | Found a staircase to the Ecumenical Temple.
  6003 | Temple   | Entered the Ecumenical Temple
  6218 | D:6      | Reached XP level 9. HP: 54/55 MP: 11/11
  6236 | D:6      | Reached skill level 1 in Spellcasting
  6511 | D:7      | Reached skill level 1 in Hexes
  6627 | D:7      | Killed Duvessa
  7005 | D:7      | Found a radiant altar of Vehumet.
  7005 | D:7      | Found a burning altar of Makhleb.
  7096 | D:7      | Became a worshipper of Makhleb the Destroyer
  7198 | D:8      | Found a staircase to the Lair.
  7448 | D:8      | Found a shadowy altar of Dithmenos.
  7452 | D:8      | Noticed Grum
  7554 | D:8      | Killed Grum
  7618 | D:8      | Reached skill level 1 in Evocations
  7761 | D:8      | Noticed a four-headed hydra
  8034 | D:8      | Noticed Maurice
  8223 | D:7      | Reached * piety under Makhleb
  8505 | D:8      | Killed Maurice
  8505 | D:8      | Reached XP level 10. HP: 61/61 MP: 14/14
  8858 | D:8      | Noticed a deep elf mage
  8864 | D:8      | Killed a deep elf mage
  9006 | D:8      | Got a heavily runed glass ring
  9033 | D:8      | Identified the ring "Ijuisch" {rCorr Dex+3} (You found it
                  | on level 8 of the Dungeon)
  9290 | D:8      | Reached skill level 10 in Maces & Flails
  9908 | D:9      | Reached ** piety under Makhleb
 10139 | D:9      | Found a roughly hewn altar of Beogh.
 10462 | D:9      | Reached *** piety under Makhleb
 10901 | D:10     | Entered Level 10 of the Dungeon
 11011 | D:10     | Reached XP level 11. HP: 67/67 MP: 15/15
 11486 | D:10     | Reached **** piety under Makhleb
 11822 | D:10     | Noticed a hell knight
 11881 | D:10     | Noticed a hell knight
 12068 | Lair:1   | Entered Level 1 of the Lair of Beasts
 12069 | Lair:1   | Found a transporter.
 12193 | Lair:1   | Noticed Ustoufu's ghost (journeyman OpCK)
 12225 | Lair:1   | Noticed a moth of wrath
 12228 | Lair:1   | Noticed a moth of wrath
 12245 | Lair:1   | Found a transporter.
 12304 | Lair:1   | Reached skill level 5 in Evocations
 13322 | Lair:2   | Noticed a seven-headed hydra
 13334 | Lair:2   | Killed a seven-headed hydra
 13334 | Lair:2   | Reached XP level 12. HP: 75/75 MP: 17/17
 13903 | Lair:3   | Found a staircase to the Shoals.
 14265 | Lair:3   | Noticed a death yak
 14302 | Lair:3   | Killed a death yak
 14332 | Lair:3   | Noticed a death yak
 14333 | Lair:3   | Noticed a death yak
 14363 | Lair:3   | Killed a death yak
 14369 | Lair:3   | Noticed a death yak
 14372 | Lair:3   | Noticed a death yak
 14402 | Lair:2   | Killed a death yak
 14402 | Lair:2   | Reached skill level 10 in Armour
 14649 | Lair:3   | Killed a death yak
 14716 | Lair:3   | Killed a death yak
 15014 | Lair:4   | Reached skill level 1 in Invocations
 15267 | Lair:4   | Reached skill level 1 in Dodging
 15338 | Lair:4   | Reached skill level 2 in Invocations
 15430 | Lair:4   | Noticed a six-headed hydra
 15439 | Lair:4   | Killed a six-headed hydra
 15453 | Lair:4   | Reached skill level 3 in Invocations
 15486 | Lair:4   | Found the +8 glaive of the Guard {elec, +Rage AC+5 SInv}
 15667 | Lair:3   | Reached ***** piety under Makhleb
 15682 | Lair:3   | Reached XP level 13. HP: 75/82 MP: 19/19
 15720 | Lair:3   | Reached skill level 10 in Shields
 15942 | Lair:4   | Found a hole to the Spider Nest.
 16197 | Lair:5   | Reached skill level 10 in Fighting
 16197 | Lair:5   | Reached skill level 4 in Invocations
 16215 | Lair:5   | You are sucked into a shaft!
 16215 | Lair:6   | Entered Level 6 of the Lair of Beasts
 16253 | Lair:6   | Reached skill level 5 in Invocations
 16383 | Lair:6   | Reached skill level 6 in Invocations
 16389 | Lair:6   | Reached skill level 5 in Dodging
 16964 | Lair:5   | Reached skill level 7 in Invocations
 17539 | Lair:6   | Got a bloodstained cloak
 17560 | Lair:6   | Identified the +0 cloak "Lubaukheunt" {Slay+3} (You found
                  | it on level 6 of the Lair of Beasts)
 17795 | Lair:6   | Reached skill level 8 in Invocations
 17866 | Lair:6   | Reached XP level 14. HP: 88/88 MP: 21/21
 18251 | Lair:6   | Reached skill level 9 in Invocations
 18769 | Lair:6   | Noticed a dire elephant
 18784 | Lair:6   | Killed a dire elephant
 18800 | Lair:6   | Noticed a dire elephant
 18811 | Lair:6   | Killed a dire elephant
 18827 | Lair:6   | Noticed a dire elephant
 18836 | Lair:6   | Noticed a dire elephant
 18839 | Lair:6   | Killed a dire elephant
 18848 | Lair:6   | Killed a dire elephant
 18889 | Lair:6   | Noticed a dire elephant
 18902 | Lair:6   | Killed a dire elephant
 19000 | Lair:6   | Noticed a dire elephant
 19013 | Lair:6   | Killed a dire elephant
 19498 | D:11     | Reached ****** piety under Makhleb
 19857 | D:11     | Noticed Snorg
 19868 | D:11     | Killed Snorg
 20103 | D:12     | Reached skill level 10 in Invocations
 20116 | D:12     | Found Kiluoqarch's Assorted Antiques.
 20121 | D:12     | Found Carreje's Assorted Antiques.
 20287 | D:12     | Found a staircase to the Orcish Mines.
 20476 | D:12     | Found Ceaxkais's Distillery.
 20689 | D:12     | Found Zugovi's Gadget Shoppe.
 20696 | D:12     | Found Heoss's Armour Emporium.
 21034 | Orc:1    | Entered Level 1 of the Orcish Mines
 21034 | Orc:1    | Noticed Fannar
 21047 | D:12     | Killed Fannar
 21241 | Orc:2    | Entered Level 2 of the Orcish Mines
 22002 | Orc:2    | Noticed an orc warlord
 22027 | Orc:2    | Killed an orc warlord
 22115 | Orc:2    | Found a staircase to the Elven Halls.
 22614 | Orc:1    | Noticed an orc warlord
 22629 | Orc:1    | Noticed Sonja
 22630 | Orc:1    | Killed Sonja
 22642 | Orc:1    | Reached XP level 15. HP: 57/94 MP: 24/24
 22661 | Orc:1    | Killed an orc warlord
 23223 | Orc:2    | Reached skill level 11 in Invocations
 23435 | Orc:2    | Reached skill level 10 in Dodging
 23547 | Orc:2    | Found Lucu's Antique Weapon Emporium.
 23547 | Orc:2    | Found Saabir's Food Boutique.
 23547 | Orc:2    | Found Zazetebb's Book Boutique.
 23547 | Orc:2    | Found Zoefuijun's Food Shoppe.
 24217 | D:13     | Found a gate to the Vaults.
 24365 | D:13     | Reached skill level 12 in Invocations
 24959 | D:14     | Found a frozen archway.
 24999 | IceCv    | Entered an ice cave
 25141 | IceCv    | Noticed a frost giant
 25165 | IceCv    | Killed a frost giant
 25165 | IceCv    | Reached XP level 16. HP: 84/101 MP: 26/26
 25773 | D:14     | Found a runed translucent gate.
 25773 | D:14     | Found a runed translucent gate.
 25773 | D:14     | Found a runed translucent gate.
 26196 | D:14     | Paralysed by a wizard for 3 turns
 26611 | D:15     | Entered Level 15 of the Dungeon
 27355 | D:15     | Found a staircase to the Depths.
 27534 | D:15     | Found a runed translucent gate.
 27534 | D:15     | Found a runed translucent gate.
 27534 | D:15     | Found a runed translucent gate.
 27647 | D:15     | Reached skill level 13 in Invocations
 27871 | D:15     | Found Herrife's Armour Shoppe.
 28172 | D:14     | Found a runed translucent gate.
 28172 | D:14     | Found a runed translucent gate.
 28177 | D:14     | Found a runed translucent gate.
 28181 | D:14     | Noticed Somebody's ghost (journeyman HOFi)
 28269 | D:12     | Bought a +2 scale mail of poison resistance for 198 gold
                  | pieces
 28281 | D:12     | Identified a scroll of acquirement
 28466 | Shoals:1 | Entered Level 1 of the Shoals
 28623 | D:12     | Bought a scroll of magic mapping for 122 gold pieces
 28623 | D:12     | Bought a scroll of brand weapon for 700 gold pieces
 28623 | D:12     | Bought a wand of iceblast (8) for 140 gold pieces
 29426 | Shoals:1 | Noticed a kraken
 29447 | Shoals:1 | HP: 4/103 [tentacle[a kraken] (19)]
 29461 | Shoals:1 | HP: 3/103 [tentacle[a kraken] (14)]
 29910 | Shoals:1 | Noticed Nikola
 29926 | Shoals:1 | Killed Nikola
 30309 | Shoals:2 | Reached XP level 17. HP: 106/108 MP: 28/28
 31570 | Shoals:2 | Noticed Louise
 31582 | Shoals:2 | Killed Louise
 32845 | Shoals:3 | Noticed a kraken
 32985 | Spider:1 | Entered Level 1 of the Spider Nest
 33638 | Spider:1 | Reached skill level 14 in Invocations
 34301 | Spider:1 | Reached skill level 5 in Spellcasting
 35033 | Spider:2 | Lost mutation: You are dopey. (Int -2) [potion of mutation]
 35033 | Spider:2 | Lost mutation: You have a pair of small horns on your head.
                  | [potion of mutation]
 35033 | Spider:2 | Lost mutation: Your muscles are strong. (Str +2) [potion of
                  | mutation]
 35033 | Spider:2 | Gained mutation: Armour fits poorly on your strangely
                  | shaped body. [potion of mutation]
 35033 | Spider:2 | Gained mutation: You have a pair of small antennae on your
                  | head. [potion of mutation]
 35034 | Spider:2 | Lost mutation: Armour fits poorly on your strangely shaped
                  | body. [potion of mutation]
 35034 | Spider:2 | Lost mutation: You have a pair of small antennae on your
                  | head. [potion of mutation]
 35034 | Spider:2 | Gained mutation: Scrolls take you a little longer to read.
                  | [potion of mutation]
 35034 | Spider:2 | Gained mutation: Scrolls take you longer to read. [potion
                  | of mutation]
 35034 | Spider:2 | Gained mutation: You are somewhat resistant to further
                  | mutation. [potion of mutation]
 35036 | Spider:2 | Lost mutation: Scrolls take you longer to read. [potion of
                  | mutation]
 35036 | Spider:2 | Lost mutation: Scrolls take you a little longer to read.
                  | [potion of mutation]
 35036 | Spider:2 | Lost mutation: You are somewhat resistant to further
                  | mutation. [potion of mutation]
 35036 | Spider:2 | Gained mutation: Your muscles are strong. (Str +2) [potion
                  | of mutation]
 35036 | Spider:2 | Gained mutation: You evolve. [potion of mutation]
 36191 | Spider:3 | Gained mutation: You are resistant to hostile enchantments.
                  | (MR+) [evolution]
 36776 | Spider:4 | Entered Level 4 of the Spider Nest
 36776 | Spider:4 | Noticed Agnes
 36788 | Spider:3 | Killed Agnes
 37157 | Spider:3 | Reached XP level 18. HP: 82/114 MP: 29/29
 37224 | Spider:3 | Reached skill level 5 in Hexes
 38935 | Spider:4 | Reached skill level 15 in Invocations
 39124 | Spider:4 | Got a gossamer rune of Zot
 39382 | Vaults:1 | Entered Level 1 of the Vaults
 40298 | Vaults:1 | Found Kualapnoux's Food Boutique.
 41036 | Vaults:1 | Learned a level 2 spell: Blink
 41102 | Vaults:1 | Identified the +5 mace of Ceorur {drain, *Contam Dex+8}
 41296 | Vaults:1 | Reached skill level 1 in Translocations
 41304 | Vaults:1 | Paralysed by a sphinx for 6 turns
 41827 | Vaults:1 | Reached XP level 19. HP: 121/121 MP: 31/31
 42010 | Vaults:1 | Reached XP level 20. HP: 29/127 MP: 32/32
 42016 | Vaults:1 | Demolished by an orc knight

Skill      XL: |  1  2  3  4  5  6  7  8  9 10 11 12 13 14 15 16 17 18 |
---------------+-------------------------------------------------------+-----
Maces & Flails | 4 5 6 7 9 10 12 | 12.0
Armour         | 4 5 6 7 8 9 10 11 12 13 14 | 14.9
Fighting       | 4 5 6 7 8 9 10 11 12 13 14 | 14.1
Shields        | 4 5 6 7 8 9 10 | 10.0
Spellcasting   | 2 3 5 |  5.0
Hexes          | 2 3 4 5 |  5.0
Evocations     | 2 4 6 7 |  7.1
Invocations    | 3 8 10 12 13 14 15 | 15.5
Dodging        | 2 7 9 10 11 12 13 | 13.5
Translocations | 4 |  4.7

Action                   |  1- 3 |  4- 6 |  7- 9 | 10-12 | 13-15 | 16-18 | 19-21 || total
-------------------------+-------+-------+-------+-------+-------+-------+-------++-------
Melee: Flail             |    38 |   124 |   132 |       |       |       |       ||   294
       Kick              |     7 |    31 |   102 |   293 |   671 |   946 |    30 ||  2080
       Peck              |     4 |    16 |    56 |   194 |   402 |   554 |    16 ||  1242
       Headbutt          |       |       |    70 |   156 |   403 |   300 |       ||   929
       Whip              |       |       |   196 |   661 |  1313 |   406 |       ||  2576
       Demon whip        |       |       |       |       |       |  1416 |    57 ||  1473
 Cast: Confusing Touch   |       |       |       |       |       |    14 |       ||    14
Invok: Lesser Servant of |       |       |       |       |     7 |     1 |       ||     8
       Greater Servant o |       |       |       |       |     4 |    18 |     2 ||    24
       Major Destruction |       |       |       |       |     2 |    14 |       ||    16
       Minor Destruction |       |       |       |       |       |     2 |       ||     2
 Abil: Fly               |       |       |       |     1 |       |       |       ||     1
Evoke: Wand              |       |       |     1 |     5 |    15 |    39 |       ||    60
  Use: Scroll            |     2 |     4 |    13 |     8 |     6 |    17 |       ||    50
       Potion            |     1 |       |     5 |       |       |    14 |       ||    20
 Stab: Distracted        |       |       |       |       |     4 |    10 |       ||    14
       Paralysed         |       |       |       |       |     2 |     2 |       ||     4
       Confused          |       |       |       |       |       |    15 |       ||    15
  Eat: Chunk             |       |     7 |    13 |    18 |    21 |    17 |       ||    76
       Ration            |       |       |     1 |     2 |     2 |    10 |       ||    15
Armor: Scale mail        |    15 |    64 |    32 |       |       |   206 |       ||   317
       Chain mail        |       |       |    47 |   171 |   287 |   231 |     8 ||   744
       Plate armour      |       |       |    82 |     3 |       |       |       ||    85
Dodge: Dodged            |     7 |    40 |    43 |   106 |   409 |  1029 |    22 ||  1656
Block: Shield            |    15 |    70 |   180 |   198 |   602 |  1031 |    20 ||  2116
       Buckler           |       |       |       |     5 |       |       |       ||     5
